 Dungeon Crawl Stone Soup version 0.30-a0-743-gbfdf073431 (webtiles) character file.

Game seed: 13421322750624204302

1831 jimonade the Thaumaturge (level 9, -3/58 HPs)
             Began as a Djinni Hedge Wizard on Feb 7, 2023.
             Killed from afar by a white imp (13 damage)
             ... with a puff of frost
             ... on level 6 of the Dungeon.
             The game lasted 00:22:05 (7454 turns).

jimonade the Thaumaturge (Djinni Hedge Wizard)      Turns: 7454, Time: 00:22:05

Health: -3/58      AC:  7    Str: 11    XL:     9   Next: 33%
Gold:   343        EV: 11    Int: 21    God:
                   SH:  0    Dex: 14

rFire   + + .      SeeInvis .    a - +2 dagger (venom)
rCold   x . .      Faith    .    (no shield)
rNeg    . . .      Spirit   .    i - +0 ring mail
rPois   ∞          Reflect  .    k - +1 helmet of Magic {Int+4}
rElec   .          Harm     .    (no cloak)
rCorr   .          Rampage  .    (no gloves)
Will    +....                    (boots unavailable)
Stlth   +                        (no amulet)
HPRegen 0.29/turn                z - ring of willpower
MPRegen 0.00/turn                (no ring)

@: flying
A: sickness immunity, fire resistance 2, cold vulnerability 1, float, innate
caster, HP casting, extra vitality 1
a: no special abilities


You were on level 6 of the Dungeon.
You visited 1 branch of the dungeon, and saw 6 of its levels.
You also visited: Ossuary.

You collected 343 gold pieces.

Inventory:

Hand Weapons
 a - a +2 dagger of venom (weapon)
 f - a +0 dagger
 C - a +1 dagger of draining
Missiles
 q - 4 poisoned darts
 I - a throwing net
Armour
 b - a +0 robe
 c - a +0 hat
 i - a +0 ring mail (worn)
 k - the +1 helmet of Magic (worn) {Int+4}
   (You found it on level 2 of the Dungeon)

   Int:       It affects your intelligence (+4).
 x - a scarf of invisibility
 E - a +0 leather armour
 H - a +2 helmet
 K - a +0 helmet
Magical Staves
 o - a staff of fire
Jewellery
 z - a ring of willpower (left hand)
Scrolls
 e - 3 scrolls of magic mapping {unknown}
 h - 2 scrolls of noise {unknown}
 l - a scroll of enchant armour {unknown}
 m - 3 scrolls of blinking {unknown}
 t - 6 scrolls of identify {unknown}
 v - a scroll of fog {unknown}
 w - a scroll of vulnerability {unknown}
 y - 7 scrolls of teleportation {unknown}
 A - a scroll of amnesia {unknown}
 D - 2 scrolls of fear {unknown}
 G - a scroll of immolation {unknown}
Potions
 d - 2 potions of haste {unknown}
 g - 2 potions of invisibility {unknown}
 j - a potion of lignification {unknown}
 n - 2 potions of curing {unknown}
 p - 2 potions of brilliance {unknown}
 r - 2 potions of degeneration {unknown}
 s - 3 potions of heal wounds {unknown}
 u - a potion of mutation {unknown}
 B - a potion of flight {unknown}
 F - 2 potions of attraction {unknown}
 J - 2 potions of berserk rage {unknown}


   Skills:
 + Level 1.6 Fighting
 + Level 2.3 Short Blades
 + Level 2.9 Armour
 + Level 3.5 Dodging
 - Level 1.5 Stealth
 * Level 8.2 Spellcasting


You had 6 spell levels left.
You knew the following spells:

 Your Spells              Type           Power      Damage    Failure   Level
a - Magic Dart            Conj           100%       1d8       1%          1
b - Slow                  Hex            100%       N/A       1%          1
c - Blink                 Tloc           86%        N/A       1%          2
d - Call Imp              Summ           43%        N/A       1%          2
e - Mephitic Cloud        Conj/Pois/Air  43%        N/A       1%          3
f - Necrotise             Necr           100%       1d9       1%          1
g - Poisonous Vapours     Pois/Air       86%        N/A       1%          2
h - Ignite Poison         Fire/Tmut/Pois 43%        N/A       1%          3
i - Kindle Blastsparks    Fire/Tloc/Air  86%        2d17      1%          3
Your spell library was empty.

Dungeon Overview and Level Annotations

Branches:
Dungeon (6/15)            Ossuary (visited)
 Temple: D:4-7

Altars:
Fedhas
Hepliaklqana
Uskayaw


Innate Abilities, Weirdness & Mutations

You are immune to sickness and miasma.
You are immune to poison.
Your flesh is very heat resistant. (rF++)
You are vulnerable to cold. (rC-)
You float through the air rather than walking.
You learn spells naturally, not from books.
Your magical power is your life essence.
You have superior vitality. (+4 MHP)


Message History

The puff of frost hits you!
You feel a terrible chill!
* * * LOW HITPOINT WARNING * * *
Casting: Blink (safe; 1% risk of failure)
Confirm with . or Enter, or press ? or * to list all spells.
Aiming: Poisonous Vapours (safe; 1% risk of failure)
Press: ? - help, Dir - move target, f - orc wizard
Aim: an orc wizard, wielding a +0 dagger and wearing a +0 robe (confused) Poisonous vapours surround the orc wizard!
The orc wizard is poisoned.
* * * LOW HITPOINT WARNING * * *
You feel stable enough to blink again.
Your white imp hits the white imp but does no damage.
Casting: Poisonous Vapours (safe; 1% risk of failure)
Confirm with . or Enter, or press ? or * to list all spells.
Aiming: Poisonous Vapours (safe; 1% risk of failure)
Press: ? - help, Dir - move target, f/p - orc wizard
Aim: an orc wizard, wielding a +0 dagger and wearing a +0 robe (moderately wounded, confused, very poisoned) Poisonous vapours surround the orc wizard!
The orc wizard looks as sick as possible!
* * * LOW HITPOINT WARNING * * *
Casting: Poisonous Vapours (safe; 1% risk of failure)
Confirm with . or Enter, or press ? or * to list all spells.
Okay, then.
The white imp closely misses you.
Things that are here:
a +0 dagger; a +0 robe
Casting: Poisonous Vapours (safe; 1% risk of failure)
Confirm with . or Enter, or press ? or * to list all spells.
You can't see any susceptible monsters within range! (Use Z to cast anyway.) Unknown command.
Unknown command.
Casting: Poisonous Vapours (safe; 1% risk of failure)
Confirm with . or Enter, or press ? or * to list all spells.
Okay, then.
Unknown command.
Your white imp gestures at the white imp.
The puff of frost hits the white imp.
The white imp resists.
The white imp gestures at you. The puff of frost hits you!
You feel a terrible chill!
You die...

.#.####....#......#
.............######
#.###.....#####
###..##.....5...#
##........#####.#
.......#### #.#
.##.##..# #5#
).......##
#5########
#........#
#)@......#
#......#.#
###......#
##.....#<.# ......#
#.....##.# ......#
#.....# .# ......#
###....... .o....#
#........ ......#
........ ......#
##.....##


You could see an orc wizard (confused, extremely poisoned), a white imp (ally
target) and a friendly white imp (summoned).

Vanquished Creatures
  Sigmund (D:2)
  An ogre (D:5)
  2 centaurs
  A phantom (D:5)
  Blork the orc (D:4)
  An elf zombie (Ossuary)
  2 centaur zombies (Ossuary)
  A human zombie (Ossuary)
  2 hounds
  4 orc priests
  Jessica (D:3)
  2 orc wizards
  2 hound zombies (Ossuary)
  3 mummies (Ossuary)
  6 gnolls (D:5)
  2 adders
  2 shadow imps (D:6)
  An ufetubus (D:5)
  3 adder zombies (Ossuary)
  A worm (D:3)
  18 orcs
  4 bats
  5 endoplasms
  2 giant cockroaches (D:4)
  27 goblins
  21 hobgoblins
  5 jackals
  11 kobolds
  5 quokkas
  3 ball pythons
  6 frilled lizards
  A goblin zombie (Ossuary)
  2 hobgoblin zombies (Ossuary)
  2 quokka zombies (Ossuary)
  5 rats
  A rat zombie (Ossuary)
157 creatures vanquished.

Vanquished Creatures (collateral kills)
  An ogre (D:5)
  A centaur (D:6)
  An elf zombie (Ossuary)
  A necrophage (D:5)
  3 centaur zombies (Ossuary)
  A human zombie (Ossuary)
  An orc wizard (D:3)
  A hound zombie (Ossuary)
  2 gnolls (D:5)
  An adder (D:4)
  A shadow imp (D:5)
  5 orcs
  2 endoplasms
  A gnoll zombie (Ossuary)
  5 goblins
  11 hobgoblins (D:5)
  A ball python (D:2)
  A goblin zombie (Ossuary)
  4 hobgoblin zombies (Ossuary)
  A jackal zombie (Ossuary)
  A kobold (D:3)
  A kobold zombie (Ossuary)
  3 quokka zombies (Ossuary)
  2 rat zombies (Ossuary)
52 creatures vanquished.

Grand Total: 209 creatures vanquished

Notes
Turn   | Place    | Note
-------+----------+-------------------------------------------
     0 | D:1      | jimonade the Djinni Hedge Wizard began the quest for the
                  | Orb.
     0 | D:1      | jimonade set off with the following spells memorised: Magic
                  | Dart, Slow, Blink, Call Imp, Mephitic Cloud.
     0 | D:1      | Reached XP level 1. HP: 15/15 MP: 0/0
   150 | D:1      | Reached XP level 2. HP: 16/21 MP: 0/0
   566 | D:1      | Reached skill level 3 in Spellcasting
   703 | D:1      | Reached XP level 3. HP: 23/25 MP: 0/0
   703 | D:1      | Learned a level 1 spell: Necrotise
   866 | D:2      | Noticed Sigmund
   875 | D:2      | Killed Sigmund
   876 | D:2      | Reached skill level 4 in Spellcasting
   876 | D:2      | Reached XP level 4. HP: 6/31 MP: 0/0
   876 | D:2      | Reached XP level 5. HP: 7/36 MP: 0/0
   876 | D:2      | Learned a level 2 spell: Poisonous Vapours
  1160 | D:2      | Reached XP level 6. HP: 35/41 MP: 0/0
  1267 | D:2      | Identified the +1 helmet of Magic {Int+4}
  2070 | D:3      | Noticed Jessica
  2079 | D:3      | Killed Jessica
  2175 | D:3      | Reached skill level 5 in Spellcasting
  2830 | D:4      | Found a hazy altar of Hepliaklqana.
  2871 | D:4      | Noticed a +0 spear
  2884 | D:4      | Noticed a +0 dagger
  2884 | D:4      | Noticed a +0 dagger
  2886 | D:4      | Noticed a +0 short sword
  2907 | D:4      | Noticed a +0 short sword
  2915 | D:4      | Noticed a +0 falchion
  2915 | D:4      | Noticed a +0 spear
  2928 | D:4      | Reached XP level 7. HP: 29/46 MP: 0/0
  2928 | D:4      | Learned a level 3 spell: Ignite Poison
  3186 | D:4      | Noticed a +0 falchion
  3193 | D:4      | Found a hide-covered altar of Uskayaw.
  3424 | D:4      | Noticed Blork the orc
  3441 | D:4      | Killed Blork the orc
  3755 | D:5      | Entered Level 5 of the Dungeon
  3845 | D:5      | Reached skill level 6 in Spellcasting
  3899 | D:5      | Found a blossoming altar of Fedhas.
  4059 | D:5      | Reached XP level 8. HP: 40/51 MP: 0/0
  4353 | D:5      | Reached skill level 1 in Armour
  4795 | D:5      | Reached skill level 1 in Fighting
  4795 | D:5      | Reached skill level 7 in Spellcasting
  5998 | D:6      | Reached skill level 1 in Short Blades
  6069 | D:6      | Found a sand-covered staircase.
  6078 | Ossuary  | Entered an ossuary
  6330 | Ossuary  | Reached XP level 9. HP: 37/57 MP: 0/0
  6330 | Ossuary  | Learned a level 3 spell: Kindle Blastsparks
  7112 | Ossuary  | Reached skill level 8 in Spellcasting
  7454 | D:6      | Killed from afar by a white imp

Illustrated notes

Levels and vault maps discovered:
D:1:      grunt_arrival_crossed_arrows, layout_loops_ring
D:2:      layout_rooms, uniq_sigmund
D:3:      layout_loops_ring, nrook_campfire, uniq_jessica
D:4:      layout_rooms, tgw_sif, nicolae_uskayaw_en_pointe,
          mainiacjoe_overflow_surrounded_room, st_stairs_14
D:5:      minmay_goblin_kobold_castle, layout_loops_cross,
          nicolae_overflow_crystal_walls, uniq_crazy_yiuf_cottage
D:6:      layout_rooms, minmay_temple_entry_arrows,
          lightli_ossuary_entry_decrepit_ruins, uniq_maggie

Skill      XL: |  1  2  3  4  5  6  7  8  9 |
---------------+----------------------------+-----
Spellcasting   | 3 4 5 6 7 8 |  8.2
Dodging        | 3 |  3.5
Armour         | 2 |  2.9
Fighting       | 1 |  1.6
Short Blades   | 1 2 |  2.3
Stealth        | |  1.5

Action                     |  1- 3 |  4- 6 |  7- 9 || total
---------------------------+-------+-------+-------++-------
  Melee: Dagger            |    21 |    30 |   184 ||   235
         Punch             |       |       |     5 ||     5
   Cast: Magic Dart        |    30 |    10 |    22 ||    62
         Call Imp          |     1 |    11 |    42 ||    54
         Poisonous Vapours |       |    77 |    75 ||   152
         Mephitic Cloud    |       |     1 |    15 ||    16
         Slow              |       |       |     2 ||     2
         Kindle Blastspark |       |       |    25 ||    25
         Blink             |       |       |     5 ||     5
   Stab: Confused          |       |       |     3 ||     3
         Distracted        |       |       |     2 ||     2
 Armour: Robe              |     1 |     7 |       ||     8
         Ring mail         |       |     3 |    91 ||    94
  Dodge: Dodged            |    14 |    26 |   125 ||   165

Table legend: (Time is in decaauts)
 A = Elapsed time spent in this place.
 B = Non-inter-level travel time spent in this place.
 C = Inter-level travel time spent in this place.
 D = Time resting spent in this place.
 E = Time spent auto-exploring this place.
 F = Levels seen in this place.
 G = Mean time per level.
                   A        B        C        D        E       F      G
               +--------+--------+--------+--------+--------+-----+--------+
         Total |   7442 |   7150 |    292 |    807 |   4540 |   7 | 1063.1 |
       Dungeon |   6229 |   5937 |    292 |    601 |   4110 |   6 | 1038.2 |
       Ossuary |   1212 |   1212 |      0 |    206 |    430 |   1 | 1212.0 |
               +--------+--------+--------+--------+--------+-----+--------+

Top non-repeatable levels by time:
     D:5: 2007 daAuts
 Ossuary: 1212 daAuts
     D:4: 1137 daAuts
     D:1: 1086 daAuts
     D:2: 854 daAuts
     D:3: 771 daAuts
     D:6: 372 daAuts
